 Dungeon Crawl Stone Soup version 0.27-a0-1084-g78b3836a5f (webtiles) character file.

Game seed: 15580116479938368697

67 1player the Digger (level 3, 0/28 HPs)
             Began as a Demigod Earth Elementalist on Apr 26, 2021.
             Slain by Edmund
             ... wielding a +3 flail of protection
              (9 damage)
             ... on level 3 of the Dungeon.
             The game lasted 00:07:39 (3527 turns).

1player the Digger (Demigod Earth Elementalist)     Turns: 3527, Time: 00:07:40

Health: 0/28       AC:  2    Str:  9    XL:     3   Next: 72%
Magic:  2/8        EV: 12    Int: 21    God:
Gold:   87         SH:  0    Dex: 14    Spells: 0/6 levels left

rFire    . . .     SeeInvis .   r - +0 rapier
rCold    . . .     Faith    .   (no shield)
rNeg     . . .     Spirit   .   c - +0 robe
rPois    .         Reflect  .   (no helmet)
rElec    .         Harm     .   (no cloak)
rCorr    .         Rampage  .   (no gloves)
Will     +....                  (no boots)
Stlth    ++........             (no amulet)
HPRegen  0.09/turn              m - ring of willpower
MPRegen  0.11/turn              (no ring)

@: brilliant
A: high mp 1, forlorn
a: no special abilities


You were on level 3 of the Dungeon.
You visited 1 branch of the dungeon, and saw 4 of its levels.

You collected 87 gold pieces.

Inventory:

Hand Weapons
 f - a +0 whip
 r - a +0 rapier (weapon)
Missiles
 b - 67 stones
 h - 7 silver javelins
 n - 8 javelins
Armour
 c - a +0 robe (worn)
Jewellery
 d - a ring of fire
 m - a ring of willpower (left hand)
Wands
 p - a wand of iceblast (18)
 s - a wand of paralysis (5)
Scrolls
 g - a scroll of teleportation {unknown}
 i - a scroll of identify {@r1}
 k - a scroll of holy word {unknown}
 o - a scroll of acquirement {unknown}
 t - a scroll of enchant weapon {unknown}
 v - a scroll of brand weapon {unknown}
 w - a scroll of amnesia {unknown}
Potions
 e - a potion of might {unknown}
 j - a potion of brilliance
 q - a potion of berserk rage {unknown}
 u - a potion of curing {unknown}


   Skills:
 + Level 1.1 Fighting
 - Level 2.0 Dodging
 - Level 2.0 Stealth
 - Level 2.0 Spellcasting
 * Level 1.4 Conjurations
 - Level 1.2 Transmutations
 + Level 3.2 Earth Magic


You couldn't memorise any spells.
You knew the following spells:

 Your Spells              Type           Power      Damage    Failure   Level
a - Passwall              Tmut/Erth      14%        N/A       9%          2
b - Stone Arrow           Conj/Erth      34%        3d9       17%         3
q - Sandblast             Erth           46%        2d11      3%          1

Your spell library contained the following spells:

 Spells                   Type           Power      Damage    Failure   Level
 Beastly Appendage        Tmut           20%        N/A       9%          1
 Wereblood                Tmut           10%        N/A       14%         2
 Spider Form              Tmut/Pois      3%         N/A       34%         3
 Petrify                  Tmut/Erth      17%        N/A       52%         4
 Lee's Rapid Deconstruct  Erth           11%        3d9*      71%         5
 Ice Form                 Ice/Tmut       6%         N/A       75%         4
 Hydra Form               Tmut           5%         N/A       94%         5


Dungeon Overview and Level Annotations

Branches:
Dungeon (4/15)
 Temple: D:4-7

Shops:
D:1 [

Annotations:
D:3 exclusion: downstairs, Edmund
D:4 Sigmund


Innate Abilities, Weirdness & Mutations

Your attributes grow dramatically as you level up.
You have an increased reservoir of magic. (+10% MP)
You shall have no god before yourself.


Message History

Aim: a scorpion (moderately wounded, paralysed, 100% to hit)
The blast of sand hits the scorpion but does no damage.
The scorpion is moderately wounded.
Okay, then.
Edmund says, "Everyone always remembers my brother. 'Who's Edmund?' they ask!"
Edmund misses you.
You climb upwards.
Level annotation: exclusion: downstairs
There is a stone staircase leading down here.
You feel clever all of a sudden.
Edmund hits you with a +3 flail of protection!
Casting: Sandblast (safe; 3% risk of failure)
Confirm with . or Enter, or press ? or * to list all spells.
The spell is quite dangerous to cast (17% risk of failure)!
Continue anyway?
Aiming: Stone Arrow (quite dangerous; 17% risk of failure)
Press: ? - help, Shift-Dir - straight line, f - Edmund
Aim: Edmund, wielding a +3 flail of protection and wearing a +0 scale mail (72% to hit)
You feel a surge of power!
The stone arrow hits Edmund!
Edmund is moderately wounded.
Edmund barely misses you.
Casting: Stone Arrow (quite dangerous; 17% risk of failure)
Confirm with . or Enter, or press ? or * to list all spells.
The spell is quite dangerous to cast (17% risk of failure)!
Continue anyway?
Aiming: Stone Arrow (quite dangerous; 17% risk of failure)
Press: ? - help, Shift-Dir - straight line, f/p - Edmund
Aim: Edmund, wielding a +3 flail of protection and wearing a +0 scale mail (moderately wounded, 72% to hit)
You feel a surge of power!
The stone arrow hits Edmund.
Edmund is moderately wounded.
Edmund hits you with a +3 flail of protection!
Casting: Stone Arrow (quite dangerous; 17% risk of failure)
Confirm with . or Enter, or press ? or * to list all spells.
The spell is quite dangerous to cast (17% risk of failure)!
Continue anyway?
Aiming: Stone Arrow (quite dangerous; 17% risk of failure)
Press: ? - help, Shift-Dir - straight line, f/p - Edmund
Aim: Edmund, wielding a +3 flail of protection and wearing a +0 scale mail (moderately wounded, 72% to hit)
You feel a surge of power!
The stone arrow misses Edmund.
Edmund closely misses you. Edmund completely misses you.
Edmund hits you with a +3 flail of protection!
You die...

#.###_#.#_#.#_##.#..#.#
#..#############.#..#.#
##.##.####.......#..#.#
#....................#
####.##########.####.#
#####.##########.####.#
#.....................#
#.###............####.##
..####..#.......@@†....#
.........#.#.###.####..#
######..##.##.##.# #..#
#.............# #..#
#.#..##.##.##### #..#
#.#...#.#.##...# #..#
#.#..#...###...###..#
####.#.###.####........#
.......###.#.........#.#


You could see Edmund.

Vanquished Creatures
  3 adders
  A worm (D:4)
  10 ball pythons
  2 endoplasms
  A goblin (D:1)
  3 hobgoblins
  7 jackals
  A kobold (D:1)
  A quokka (D:1)
  A bat (D:1)
  2 frilled lizards
  6 rats
38 creatures vanquished.

Notes
Turn   | Place    | Note
-------+----------+-------------------------------------------
     0 | D:1      | 1player the Demigod Earth Elementalist began the quest for
                  | the Orb.
     0 | D:1      | Reached XP level 1. HP: 14/14 MP: 5/5
   134 | D:1      | Reached skill level 1 in Transmutations
   429 | D:1      | Found Ganea's Armour Boutique.
   672 | D:1      | Reached XP level 2. HP: 20/20 MP: 5/7
  1132 | D:2      | Learned a level 2 spell: Passwall
  1705 | D:2      | Reached skill level 3 in Earth Magic
  2235 | D:2      | Reached XP level 3. HP: 27/27 MP: 4/8
  2498 | D:3      | Reached skill level 1 in Conjurations
  2781 | D:3      | Reached skill level 1 in Fighting
  3222 | D:4      | Noticed Edmund
  3222 | D:4      | Noticed Sigmund
  3472 | D:3      | Learned a level 3 spell: Stone Arrow
  3500 | D:4      | Noticed a scorpion
  3527 | D:3      | Slain by Edmund

Illustrated notes

Levels and vault maps discovered:
D:1:      minmay_arrival_three_doors, layout_loops_ring, serial_shops,
          nicolae_shop_waterfront, corner_web_ring
D:2:      layout_loops_ring, basic_altar, nrook_mini_vaults, kennysheep_path_1
D:3:      layout_loops_ring, minitemple,
          shapermc_ecumenical_altar_starsandcircs, serial_bayou_pond_d
D:4:      layout_cave_pools, skrybe_limestone_x, minmay_pentomino_pile,
          uniq_edmund, uniq_pikel, uniq_sigmund

Skill      XL: |  1  2  3 |
---------------+----------+-----
Transmutations | 1 |  1.2
Stealth        | 2 |  2.0
Dodging        | 2 |  2.0
Earth Magic    | 3 |  3.2
Conjurations   | 1 |  1.4
Fighting       | 1 |  1.1
Spellcasting   | 2 |  2.0

Action                   || total
-------------------------++-------
Melee: Whip              ||    25
       Rapier            ||     5
 Cast: Sandblast         ||    47
       Stone Arrow       ||     3
Evoke: Wand              ||     1
  Use: Scroll            ||     1
       Potion            ||     1
 Stab: Sleeping          ||     3
       Paralysed         ||     2
Armor: Robe              ||     3
Dodge: Dodged            ||    32

Table legend: (Time is in decaauts)
 A = Elapsed time spent in this place.
 B = Non-inter-level travel time spent in this place.
 C = Inter-level travel time spent in this place.
 D = Time resting spent in this place.
 E = Time spent auto-exploring this place.
 F = Levels seen in this place.
 G = Mean time per level.
                   A        B        C        D        E       F      G
               +--------+--------+--------+--------+--------+-----+--------+
         Total |   3532 |   3356 |    176 |    970 |   1795 |   4 |  883.0 |
       Dungeon |   3532 |   3356 |    176 |    970 |   1795 |   4 |  883.0 |
               +--------+--------+--------+--------+--------+-----+--------+

Top non-repeatable levels by time:
     D:2: 1217 daAuts
     D:1: 1099 daAuts
     D:3: 1056 daAuts
     D:4: 158 daAuts
